 Dungeon Crawl Stone Soup version 0.27.0-1-g7a089689b8 (webtiles) character file.

Game seed: 11406405196997220286

170 jasper the Insei (level 5, 0/37 HPs)
             Began as a Demonspawn Transmuter on July 31, 2021.
             Killed from afar by Natasha (7 damage)
             ... with a magic dart
             ... on level 2 of the Dungeon.
             The game lasted 00:04:45 (2844 turns).

jasper the Insei (Demonspawn Transmuter)            Turns: 2844, Time: 00:04:45

Health: 0/37       AC:  3    Str: 11    XL:     5   Next: 26%
Magic:  7/8        EV: 11    Int: 15    God:
Gold:   62         SH:  7    Dex: 13    Spells: 2/8 levels left

rFire    . . .     SeeInvis .     - Unarmed
rCold    . . .     Faith    .   d - +2 buckler
rNeg     . . .     Spirit   .   f - +0 leather armour
rPois    .         Reflect  .   (helmet currently unavailable)
rElec    .         Harm     .   (no cloak)
rCorr    .         Rampage  .   (no gloves)
Will     .....                  (boots currently unavailable)
Stlth    +.........             (no amulet)
HPRegen  0.12/turn              (no ring)
MPRegen  0.11/turn              (no ring)

@: appendages (expiring)
A: horns 2, talons 2, foul stench 1
a: End Transformation


You were on level 2 of the Dungeon.
You had temporarily grown beastly horns.
You visited 1 branch of the dungeon, and saw 3 of its levels.

You collected 62 gold pieces.

Inventory:

Missiles
 b - 6 poisoned darts (quivered)
 e - 76 stones
 j - 50 sling bullets
 k - 2 curare-tipped darts
Armour
 a - a +0 robe
 d - a +2 buckler (worn)
 f - a +0 leather armour (worn)
Scrolls
 m - a scroll of blinking
Potions
 c - 2 potions of flight {unknown}
 g - a potion of degeneration {unknown}
 h - a potion of curing
 i - a potion of berserk rage {unknown}
 l - a potion of ambrosia {unknown}
 n - a potion of lignification {unknown}


   Skills:
 - Level 1.0 Fighting
 - Level 1.7 Dodging
 * Level 3.5 Shields
 + Level 3.9 Unarmed Combat
 - Level 2.0 Spellcasting
 - Level 1.7 Transmutations


You had 2 spell levels left.
You knew the following spells:

 Your Spells              Type           Power      Damage    Failure   Level
a - Beastly Appendage     Tmut           12%        N/A       16%         1
b - Wereblood             Tmut           6%         N/A       22%         2
c - Spider Form           Tmut/Pois      2%         N/A       54%         3

Your spell library contained the following spells:

 Spells                   Type           Power      Damage    Failure   Level
 Magic Dart               Conj           4%         1d3       30%         1
 Call Imp                 Summ           1%         N/A       43%         2
 Mephitic Cloud           Conj/Pois/Air  1%         N/A       67%         3
 Ice Form                 Ice/Tmut       4%         N/A       91%         4


Dungeon Overview and Level Annotations

Branches:
Dungeon (3/15)

Altars:
Wu Jian

Annotations:
D:2 Natasha


Innate Abilities, Weirdness & Mutations

You have temporarily grown beastly horns.
You have razor-sharp toenails.
You may rarely emit foul miasma when damaged in melee.


Message History

Your horns disappear.
Natasha stares at you and mumbles some strange words.
The magic dart hits you.
You throw a poisoned dart.
The poisoned dart barely misses Natasha.
You throw a poisoned dart. The poisoned dart hits Natasha.
Natasha is poisoned.
Natasha casts a spell.
You barely miss Natasha.
Natasha is lightly wounded.
Natasha mumbles some strange words.
Casting: Beastly Appendage (safe; 16% risk of failure)
Confirm with . or Enter, or press ? or * to list all spells.
You grow a pair of large bovine horns.
Natasha stares at you and mumbles some strange words.
The magic dart hits you!
You barely miss Natasha.
Natasha is moderately wounded.
Natasha looks more healthy.
The shadow imp completely misses you. The iron imp completely misses you.
Natasha closely misses you.
You hit Natasha. You claw Natasha. Your headbutt misses Natasha.
Natasha is severely wounded.
The shadow imp laughs crazily.
You block the shadow imp's attack. The iron imp closely misses you.
You barely miss Natasha.
Natasha is severely wounded.
Natasha claws you.
The shadow imp shouts, "Slither home, thou skyhacking fen-sucked slime mould!"
You block the shadow imp's attack.
You closely miss Natasha. Your kick misses Natasha.
Natasha is severely wounded.
Natasha stares at you and mumbles some strange words.
The magic dart hits you!
* * * LOW HITPOINT WARNING * * *
You block the iron imp's attack. The shadow imp closely misses you.
You hit Natasha but do no damage. Your headbutt misses Natasha.
Natasha is severely wounded.
Your transformation is almost over.
Natasha stares at you and mumbles some strange words.
The magic dart hits you!
You die...

############## ###
#.(..........# #..
#..........).# #..
#...>........#######..
#............'.....'..
#............#######..
#########............#########
#...........5h5......##.......
#............@.......##.......
#.........###'#########.......
#.........##.(................
#.........##..............(...
#.........##..................
#.........###'#########.......
#.........# #)#########.......
#.........# #>).......+.......
#.........# #†#########.......


You could see an iron imp (summoned), Natasha and a shadow imp (summoned).

Vanquished Creatures
  Natasha (twice) (D:2)
  4 gnolls (D:2)
  2 adders (D:2)
  2 worms (D:2)
  A dart slug (D:1)
  4 endoplasms
  7 goblins
  7 hobgoblins
  7 jackals
  2 kobolds (D:1)
  2 quokkas (D:1)
  9 ball pythons
  5 bats
  A rat (D:1)
55 creatures vanquished.

Notes
Turn   | Place    | Note
-------+----------+-------------------------------------------
     0 | D:1      | jasper the Demonspawn Transmuter began the quest for the
                  | Orb.
     0 | D:1      | Reached XP level 1. HP: 15/15 MP: 3/3
   297 | D:1      | Gained mutation: You may rarely emit foul miasma when
                  | damaged in melee. [demonic ancestry]
   297 | D:1      | Reached XP level 2. HP: 12/21 MP: 3/5
   448 | D:1      | Reached skill level 1 in Shields
   643 | D:1      | Found a faded altar of an unknown god.
  1308 | D:1      | Mutation became permanent: You have sharp toenails.
                  | [demonic ancestry]
  1308 | D:1      | Gained mutation: You have razor-sharp toenails. [demonic
                  | ancestry]
  1308 | D:1      | Reached XP level 3. HP: 26/26 MP: 4/6
  1311 | D:1      | Learned a level 2 spell: Wereblood
  1315 | D:1      | Learned a level 3 spell: Spider Form
  1548 | D:2      | Reached XP level 4. HP: 16/32 MP: 5/7
  1893 | D:2      | Found an ornate altar of the Wu Jian Council.
  1948 | D:2      | Noticed Natasha
  1960 | D:2      | Killed Natasha
  2435 | D:2      | Gained mutation: You have razor-sharp toenails. [demonic
                  | ancestry]
  2435 | D:2      | Reached XP level 5. HP: 28/37 MP: 8/8
  2684 | D:2      | Noticed Natasha
  2826 | D:2      | Killed Natasha
  2832 | D:2      | Noticed Natasha
  2844 | D:2      | Killed from afar by Natasha

Illustrated notes

Levels and vault maps discovered:
D:1:      ncdulo_smallfort, layout_loops_corners, ebering_ecumenical_altar_webs
D:2:      layout_basic, basic_altar, uniq_natasha
D:3:      layout_rooms, gammafunk_ghost_cemetery

Skill      XL: |  1  2  3  4 |
---------------+-------------+-----
Unarmed Combat | 3 |  3.9
Shields        | 1 2 3 |  3.5
Fighting       | |  1.0
Dodging        | |  1.7
Spellcasting   | |  2.0
Transmutations | |  1.7

Action                   |  1- 3 |  4- 6 || total
-------------------------+-------+-------++-------
Melee: Unarmed           |    68 |    80 ||   148
       Kick              |    14 |    22 ||    36
       Headbutt          |     7 |     1 ||     8
Throw: Dart              |     9 |    33 ||    42
 Cast: Beastly Appendage |    21 |     6 ||    27
  Use: Scroll            |     5 |       ||     5
Armor: Robe              |     4 |       ||     4
       Leather armour    |    14 |    13 ||    27
Dodge: Dodged            |    33 |    39 ||    72
Block: Buckler           |    13 |    31 ||    44
